 Dungeon Crawl Stone Soup version 0.31-a0-803-g95b03c3367 (webtiles) character file.

Game seed: 9411673021646406774

7982 Maratek the Eclecticist (level 11, -2/54 HPs)
             Began as a Deep Elf Fire Elementalist on Sept 20, 2023.
             Was a Priest of Sif Muna.
             Engulfed by a cloud of flame (9 damage)
             ... on level 10 of the Dungeon.
             The game lasted 00:34:01 (11512 turns).

Maratek the Eclecticist (DEFE)                     Turns: 11512, Time: 00:34:02

Health: -2/54      AC: 19    Str:  5    XL:     11   Next: 3%
Magic:  32/41      EV: 14    Int: 25    God:    Sif Muna [***...]
Gold:   205        SH:  0    Dex: 15    Spells: 31/41 levels left

rFire   . . .        B - +7 short sword
rCold   . . .        (no shield)
rNeg    . . .        c - +1 steam dragon scales
rPois   .            v - +2 helmet
rElec   .            r - +2 cloak {rCorr}
rCorr   +            n - +2 pair of gloves
SInv    .            (no boots)
Will    +....        d - amulet of regeneration
Stlth   +++          f - ring of magical power
HPRegen 1.09/turn    b - +4 ring of protection
MPRegen 0.27/turn

%: no passive effects
@: no status effects
A: no striking features
a: Renounce Religion, Channel Magic, Forget Spell


You were on level 10 of the Dungeon.
You worshipped Sif Muna.
Sif Muna was most pleased with you.
You visited 1 branch of the dungeon, and saw 10 of its levels.

You collected 589 gold pieces.
You spent 384 gold pieces at shops.

Inventory:

Hand Weapons
 B - a +7 short sword (weapon)
Armour
 c - +1 steam dragon scales (worn)
 n - a +2 pair of gloves (worn)
 r - a +2 cloak of preservation (worn)
 v - a +2 helmet (worn)
Jewellery
 b - a +4 ring of protection (right hand)
 d - an amulet of regeneration (around neck)
 f - a ring of magical power (left hand)
 t - a ring of protection from fire
 w - an amulet of the acrobat
 x - a ring of protection from fire
 A - a +5 ring of evasion
Wands
 s - a wand of polymorph (9)
 y - a wand of quicksilver (14)
Scrolls
 e - a scroll of noise
 k - a scroll of revelation
 p - a scroll of enchant armour
 q - a scroll of enchant weapon
Potions
 a - a potion of resistance {unknown}
 g - a potion of berserk rage {unknown}
 h - a potion of brilliance
 i - a potion of lignification {unknown}
 j - a potion of cancellation {unknown}
 m - a potion of enlightenment {unknown}
 o - 5 potions of invisibility
 u - a potion of haste {unknown}
 z - a potion of might {unknown}


   Skills:
 + Level 4.9 Dodging
 + Level 4.1 Stealth
 + Level 15.7 Spellcasting
 + Level 2.6 Conjurations
 + Level 12.3 Fire Magic
 + Level 0.3 Evocations


You had 31 spell levels left.
You knew the following spells:

 Your Spells              Type           Power      Damage    Failure   Level
a - Foxfire               Conj/Fire      100%       2x1d9     1%          1
b - Scorch                Fire           100%       2d9       1%          2
c - Magic Dart            Conj           100%       1d8       1%          1
d - Momentum Strike       Conj/Tloc      52%        3d9       2%          2
e - Flame Wave            Conj/Fire      55%        2d13      1%          4

Your spell library contained the following spells:

 Spells                   Type           Power      Damage    Failure   Level
 Inner Flame              Hex/Fire       50%        N/A       1%          3
 Volatile Blastmotes      Fire/Tloc      100%       2d18      1%          3
 Apportation              Tloc           38%        N/A       2%          1
 Slow                     Hex            76%        N/A       2%          1
 Blink                    Tloc           38%        N/A       4%          2
 Call Imp                 Summ           38%        N/A       4%          2
 Jinxbite                 Hex            38%        N/A       4%          2
 Lesser Beckoning         Tloc           38%        N/A       4%          2
 Sublimation of Blood     Necr           19%        N/A       4%          2
 Wereblood                Tmut           19%        N/A       4%          2
 Mephitic Cloud           Conj/Pois/Air  24%        N/A       6%          3
 Confusing Touch          Hex            19%        N/A       9%          3
 Ozocubu's Armour         Ice            19%        N/A       9%          3
 Sigil of Binding         Hex            19%        N/A       9%          3
 Vampiric Draining        Necr           19%        2d7       9%          3
 Starburst                Conj/Fire      27%        6d9       19%         6
 Plasma Beam              Fire/Air       25%        2x1d37    32%         6
 Alistair's Intoxication  Tmut/Pois      12%        N/A       58%         5
 Ozocubu's Refrigeration  Ice            9%         4d9       100%        7
 Summon Hydra             Summ           9%         N/A       100%        7


Dungeon Overview and Level Annotations

Branches:
Dungeon (10/15)            Temple (0/1) D:6
   Lair: D:8-11         Orc: D:9-12

Altars:
Cheibriados
Fedhas
Gozag
Sif Muna
Uskayaw
Vehumet
Xom
Yredelemnul
Zin

Shops:
D:1 :   D:5 :

Annotations:
D:9 2 transporters, Vorhees's ghost, novice GrEE


Message History

The forest fire spreads! x2
You feel much better.
You are engulfed in blazing flames.
The unseen horror zombie is engulfed in blazing flames.
The unseen horror zombie misses you.
The unseen horror zombie is engulfed in blazing flames.
The unseen horror zombie misses you.
The centaur warrior zombie is engulfed in a forest fire.
You destroy the centaur warrior zombie!
Sif Muna accepts your kill.
The centaur warrior zombie is engulfed in blazing flames.
The centaur warrior zombie hits you but does no damage.
The centaur warrior zombie closely misses you.
The centaur warrior zombie is engulfed in a forest fire. x2
The centaur warrior zombie hits you but does no damage.
The centaur warrior zombie misses you.
The centaur warrior zombie is engulfed in blazing flames.
The centaur warrior zombie hits you but does no damage.
The centaur warrior zombie misses you.
The centaur warrior zombie is engulfed in blazing flames.
A centaur warrior zombie comes into view.
The unseen horror zombie is engulfed in blazing flames.
The unseen horror zombie hits you but does no damage.
The forest fire spreads!
You have reached level 11!
You are engulfed in blazing flames.
* * * LOW HITPOINT WARNING * * *
The unseen horror zombie is engulfed in blazing flames.
The centaur warrior zombie is engulfed in blazing flames. x3
The centaur warrior zombie attacks as it pursues you!
The centaur warrior zombie hits you.
* * * LOW HITPOINT WARNING * * *
The centaur warrior zombie kicks you but does no damage.
The centaur warrior zombie is engulfed in a forest fire. x2
The unseen horror zombie is engulfed in a forest fire.
The unseen horror zombie closely misses you.
The centaur warrior zombie is engulfed in blazing flames.
The centaur warrior zombie closely misses you. x2
The centaur warrior zombie is engulfed in blazing flames.
You are engulfed in blazing flames.
You die...

#........###.. . ♣.
####.#...####...♣♣°♣°♣ ♣
............+.§§♣§♣§§♣♣.♣
######...####.§§§§°°°..♣
#..## #§§§§§§_.♣.♣ #.##
#§§Z§§§§.♣ #.# #§ZZZ§§Z♣
#.# ##§ZZ§§♣.♣
##.#########@§§§§.♣
#.........##§§§§§.♣
#..######.###§##### #..#
#.##...##
#..######.#.....#
#...............#
#.#######.###.#..... #.#
#.# ######## #.#######.#


You could see 6 centaur warrior zombies and an unseen horror zombie.

Vanquished Creatures
  Erica (D:9)
  Pikel (D:5)
  2 centaur zombies (D:10)
  Maurice (D:8)
  An unseen horror zombie (D:10)
  A troll (D:9)
  A hornet (D:7)
  Prince Ribbit (D:5)
  A shadow (D:9)
  A wyvern (D:9)
  Grum (D:8)
  3 steam dragons
  Edmund (D:5)
  A water moccasin (D:7)
  Duvessa (D:4)
  An ice beast (D:6)
  An orc warrior (D:9)
  A black bear (D:6)
  A sky beast (D:7)
  An ogre (D:6)
  A centaur (D:8)
  4 wolves
  A lemure (D:5)
  2 kobold brigands
  Blork the orc (D:4)
  3 bullfrogs (D:7)
  A gnoll sergeant (D:8)
  4 scorpions
  14 wights
  Dowan (D:4)
  12 killer bees
  A howler monkey (D:8)
  Crazy Yiuf (D:4)
  3 hounds
  3 jellies
  A gnoll bouda (D:6)
  5 orc priests
  4 iguanas
  7 orc wizards
  2 sleepcaps
  A howler monkey zombie (D:10)
  6 adders
  14 gnolls
  3 white imps
  An ufetubus (D:5)
  2 worms
  A dart slug (D:2)
  27 orcs
  4 endoplasms
  3 giant cockroaches
  6 goblins
  3 hobgoblins
  6 jackals
  2 quokkas
  4 ball pythons
  2 bats
  A frilled lizard (D:2)
  11 kobolds
  5 rats
196 creatures vanquished.

Vanquished Creatures (others)
  82 foxfires
82 creatures vanquished.

Grand Total: 278 creatures vanquished

Notes
Turn   | Place    | Note
-------+----------+-------------------------------------------
     0 | D:1      | Maratek the Deep Elf Fire Elementalist began the quest for
                  | the Orb.
     0 | D:1      | Reached XP level 1. HP: 10/10 MP: 6/6
   370 | D:1      | Found Nehod's Book Shoppe.
   553 | D:1      | Reached XP level 2. HP: 15/15 MP: 5/8
  1464 | D:2      | Learned a level 2 spell: Scorch
  1783 | D:2      | Reached XP level 3. HP: 19/19 MP: 4/9
  2254 | D:3      | Found a glowing silver altar of Zin.
  2681 | D:3      | Reached XP level 4. HP: 24/24 MP: 1/11
  3147 | D:4      | Found a runed translucent door.
  3148 | D:4      | Noticed Crazy Yiuf
  3384 | D:4      | Reached skill level 4 in Spellcasting
  3468 | D:4      | Noticed Duvessa
  3470 | D:4      | Noticed Dowan
  3750 | D:4      | Noticed Blork the orc
  3759 | D:4      | Killed Blork the orc
  3760 | D:4      | Reached skill level 5 in Spellcasting
  3760 | D:4      | Reached XP level 5. HP: 26/28 MP: 14/14
  3802 | D:4      | Found a shimmering blue altar of Sif Muna.
  3810 | D:4      | Became a worshipper of Sif Muna the Loreminder
  3841 | D:4      | Killed Duvessa
  3842 | D:4      | Reached skill level 5 in Fire Magic
  3842 | D:4      | Reached XP level 6. HP: 32/32 MP: 16/16
  3846 | D:4      | Killed Dowan
  3849 | D:4      | Reached skill level 6 in Spellcasting
  4221 | D:4      | Learned a level 1 spell: Magic Dart
  4477 | D:5      | Entered Level 5 of the Dungeon
  4661 | D:5      | Noticed Pikel
  5039 | D:5      | Noticed Edmund
  5048 | D:5      | Killed Edmund
  5049 | D:5      | Reached XP level 7. HP: 36/36 MP: 16/19
  5153 | D:5      | Reached skill level 7 in Spellcasting
  5490 | D:5      | Noticed Prince Ribbit
  5498 | D:5      | Killed Prince Ribbit
  5499 | D:5      | Reached skill level 8 in Spellcasting
  5580 | D:5      | Found Qousak's Book Shoppe.
  5591 | D:5      | Killed Pikel
  5592 | D:5      | Reached skill level 9 in Spellcasting
  5592 | D:5      | Reached XP level 8. HP: 26/41 MP: 17/23
  6060 | D:6      | Found a staircase to the Ecumenical Temple.
  6202 | D:6      | Reached skill level 10 in Spellcasting
  6268 | D:6      | You fall into a shaft and drop 3 floors!
  6499 | D:9      | Found a hide-covered altar of Uskayaw.
  6546 | D:9      | Learned a level 2 spell: Momentum Strike
  6555 | D:8      | Noticed Grum
  6580 | D:7      | Reached XP level 9. HP: 32/45 MP: 25/25
  6590 | D:7      | Reached skill level 11 in Spellcasting
  6612 | D:7      | Reached * piety under Sif Muna
  6840 | D:7      | Reached skill level 10 in Fire Magic
  6859 | D:7      | Reached skill level 12 in Spellcasting
  7153 | D:7      | Found a flagged portal.
  7509 | D:7      | Reached skill level 13 in Spellcasting
  7958 | D:6      | Found a snail-covered altar of Cheibriados.
  7961 | D:6      | Found an opulent altar of Gozag.
  7963 | D:6      | Found a radiant altar of Vehumet.
  7964 | D:6      | Found a blossoming altar of Fedhas.
  7965 | D:6      | Found a shimmering altar of Xom.
  7972 | D:6      | Reached ** piety under Sif Muna
  8148 | D:1      | Bought a book of Fire for 384 gold pieces
  8302 | D:4      | Killed Crazy Yiuf
  8598 | D:6      | Reached XP level 10. HP: 50/50 MP: 23/29
  8607 | D:6      | Learned a level 4 spell: Flame Wave
  9307 | D:8      | Noticed Maurice
  9314 | D:8      | Maurice stole a ring of protection from fire
  9315 | D:8      | Maurice stole 77 gold
  9317 | D:8      | Killed Maurice
  9798 | D:8      | Killed Grum
  9799 | D:8      | Reached skill level 14 in Spellcasting
 10713 | D:8      | Reached *** piety under Sif Muna
 10864 | D:9      | Found a transporter.
 10865 | D:9      | Noticed a moth of wrath
 10947 | D:9      | Noticed Erica
 10965 | D:9      | Killed Erica
 10966 | D:9      | Reached skill level 15 in Spellcasting
 11052 | D:9      | Noticed Vorhees's ghost (novice GrEE)
 11080 | D:9      | Found a transporter.
 11083 | D:9      | Noticed a fire dragon
 11431 | D:10     | Entered Level 10 of the Dungeon
 11502 | D:10     | Found a basalt altar of Yredelemnul.
 11508 | D:10     | HP: 2/50 [centaur warrior zombie (1)]
 11511 | D:10     | Reached XP level 11. HP: 32/54 MP: 31/32
 11512 | D:10     | Engulfed by a cloud of flame

Illustrated notes

Levels and vault maps discovered:
D:1:      reono_arrival_mine, layout_loops_ring, serial_shops,
          nicolae_shop_hallway_stairs
D:2:      layout_basic
D:3:      layout_basic, mainiacjoe_overflow_alcove_4
D:4:      layout_loops_corners, tgw_sif, nicolae_elevator_lobby_plus,
          uniq_crazy_yiuf_cottage, uniq_duvessa
D:5:      layout_loops_ring, serial_shops, shop_coins, uniq_prince_ribbit1,
          uniq_pikel, uniq_edmund
D:6:      layout_basic, grunt_temple_overflow_open, minmay_temple_entry_wispy
D:7:      layout_basic, enter_bailey_5, minmay_misc_feat_chi
D:8:      minmay_angry_zag, layout_rooms, uniq_maurice, uniq_grum
D:9:      layout_loops_ring, kennysheep_little_box,
          gammafunk_ghost_berserking_beasts, uniq_erica
D:10:     layout_loops_corners, nicolae_yredelemnul_corpse_copse,
          lemuel_doored_altar, ebering_ghost_xom

Skill      XL: |  1  2  3  4  5  6  7  8  9 10 |
---------------+-------------------------------+-----
Fire Magic     | 4 5 6 8 9 10 12 | 12.3
Stealth        | 3 4 |  4.1
Conjurations   | 2 |  2.6
Spellcasting   | 5 6 9 10 13 15 | 15.7
Dodging        | 3 4 |  4.9
Evocations     | |  0.3

Action                     |  1- 3 |  4- 6 |  7- 9 | 10-12 || total
---------------------------+-------+-------+-------+-------++-------
  Melee: Unarmed           |     6 |       |       |       ||     6
         Punch             |     1 |       |       |       ||     1
   Cast: Foxfire           |    64 |       |       |       ||    64
         Scorch            |    26 |    44 |   170 |   124 ||   364
         Magic Dart        |       |    54 |       |       ||    54
         Momentum Strike   |       |       |     4 |       ||     4
         Flame Wave        |       |       |       |     3 ||     3
  Evoke: Wand              |       |       |     5 |       ||     5
    Use: Scroll            |     6 |     9 |     8 |     3 ||    26
         Potion            |       |       |     6 |     2 ||     8
 Armour: Robe              |     7 |    28 |    65 |    42 ||   142
         Steam dragon scal |       |       |       |    60 ||    60
  Dodge: Dodged            |     9 |    37 |    63 |    91 ||   200

Table legend: (Time is in decaauts)
 A = Elapsed time spent in this place.
 B = Non-inter-level travel time spent in this place.
 C = Inter-level travel time spent in this place.
 D = Time resting spent in this place.
 E = Time spent auto-exploring this place.
 F = Levels seen in this place.
 G = Mean time per level.
                   A        B        C        D        E       F      G
               +--------+--------+--------+--------+--------+-----+--------+
         Total |  11535 |  10640 |    895 |   1906 |   6900 |  10 | 1153.5 |
       Dungeon |  11535 |  10640 |    895 |   1906 |   6900 |  10 | 1153.5 |
               +--------+--------+--------+--------+--------+-----+--------+

Top non-repeatable levels by time:
     D:7: 2119 daAuts
     D:4: 1980 daAuts
     D:5: 1486 daAuts
     D:1: 1219 daAuts
     D:6: 1131 daAuts
     D:2: 1032 daAuts
     D:9: 878 daAuts
     D:8: 837 daAuts
     D:3: 767 daAuts
    D:10: 80 daAuts
